 Dungeon Crawl Stone Soup version 0.27.1-34-g3ba077fa99 (webtiles) character file.

Game seed: 8123960273231793463

1745 Karpo the Covert (level 8, -7/40 HPs)
             Began as a Spriggan Enchanter on Jan 27, 2022.
             Was a Follower of Dithmenos.
             Shot with an arrow by a centaur (10 damage)
             ... on level 8 of the Dungeon.
             The game lasted 00:20:49 (8921 turns).

Karpo the Covert (Spriggan Enchanter)               Turns: 8921, Time: 00:20:49

Health: -7/40      AC:  2    Str:  4    XL:     8   Next: 77%
Magic:  15/15      EV: 11    Int: 18    God:    Dithmenos [*.....]
Gold:   349        SH:  0    Dex: 16    Spells: 7/15 levels left

rFire    . . .     SeeInvis +   a - +2 dagger
rCold    . . .     Faith    .   (shield restricted)
rNeg     . . .     Spirit   .   b - +0 robe
rPois    .         Reflect  .   d - +0 hat
rElec    .         Harm     .   (no cloak)
rCorr    .         Rampage  .   (gloves unavailable)
Will     +....                  (boots unavailable)
Stlth    ++++......             (no amulet)
HPRegen  0.13/turn              (no ring)
MPRegen  0.14/turn              (no ring)

@: held, wreathed by umbra, very quick
A: very small, no large weapons, unfitting armour, see invisible, speed 3
a: Renounce Religion


You were on level 8 of the Dungeon.
You worshipped Dithmenos.
Dithmenos was aware of your devotion.
You visited 2 branches of the dungeon, and saw 9 of its levels.

You collected 349 gold pieces.

Inventory:

Hand Weapons
 a - a +2 dagger (weapon)
 m - a +1 rapier of distortion
 q - a +5 short sword of draining
Armour
 b - a +0 robe (worn)
 d - a +0 hat (worn)
Wands
 h - a wand of flame (17)
 l - a wand of digging (5)
Scrolls
 f - 2 scrolls of noise
Potions
 c - 2 potions of degeneration
 e - a potion of haste
 g - 3 potions of curing
 i - a potion of flight
 j - 2 potions of berserk rage {unknown}
 k - 2 potions of lignification {unknown}
 n - 2 potions of magic {unknown}
 o - a potion of mutation {unknown}
 p - a potion of attraction {unknown}


   Skills:
 - Level 3.0 Fighting
 - Level 5.0 Short Blades
 + Level 7.9 Dodging
 - Level 8.0 Stealth
 - Level 4.0 Spellcasting
 - Level 8.0 Hexes


You had 7 spell levels left.
You knew the following spells:

 Your Spells              Type           Power      Damage    Failure   Level
a - Tukima's Dance        Hex            32%        N/A       1%          3
b - Ensorcelled Hibernat  Hex/Ice        36%        N/A       4%          2
c - Confusing Touch       Hex            32%        N/A       1%          3

Your spell library contained the following spells:

 Spells                   Type           Power      Damage    Failure   Level
 Corona                   Hex            35%        N/A       1%          1
 Slow                     Hex            32%        N/A       1%          2
 Dazzling Flash           Conj/Hex       36%        N/A       9%          3
 Inner Flame              Hex/Fire       18%        N/A       9%          3
 Foxfire                  Conj/Fire      12%        2x1d4     14%         1
 Magic Dart               Conj           12%        1d3       14%         1
 Sting                    Tmut/Pois      12%        1d3       14%         1
 Call Imp                 Summ           3%         N/A       22%         2
 Poisonous Vapours        Pois/Air       6%         N/A       22%         2
 Conjure Flame            Conj/Fire      3%         6-21      41%         3
 Mephitic Cloud           Conj/Pois/Air  3%         N/A       41%         3
 Swiftness                Air            3%         N/A       41%         3
 Vampiric Draining        Necr           1%         2d6       41%         3
 Airstrike                Air            1%         N/A       82%         4
 Hailstorm                Conj/Ice       3%         3d3       82%         4
 Ice Form                 Ice/Tmut       3%         N/A       82%         4
 Olgreb's Toxic Radiance  Pois           3%         N/A       82%         4
 Lightning Bolt           Conj/Air       1%         1d12      99%         5
 Conjure Ball Lightning   Conj/Air       1%         3x3d6     100%        6
 Simulacrum               Ice/Necr       1%         N/A       100%        6


Dungeon Overview and Level Annotations

Branches:
Dungeon (8/15)             Temple (1/1) D:5
   Lair: D:8-11

Altars:
Ashenzari
Cheibriados
Dithmenos
Elyvilon
Fedhas
Gozag
Hepliaklqana
Kikubaaqudgha
Nemelex Xobeh
Okawaru
Qazlal
Ru
Sif Muna
Trog
Uskayaw
Wu Jian
Xom
Yredelemnul
The Shining One

Shops:
D:1 (

Annotations:
D:5 2 runed translucent doors
D:6 3 runed translucent doors, viiviliisa's ghost, novice MiFi
D:8 Harold


Innate Abilities, Weirdness & Mutations

You are very small and have problems with some larger weapons.
You are too small for most types of armour.
You have supernaturally acute eyesight. (SInv)
You cover ground extremely quickly. (Speed+++)


Message History

Found a potion of curing.
You pick up a book of Minor Magic and begin reading...
You add the spells Magic Dart, Call Imp and Mephitic Cloud to your library.
Okay, then.
Found 11 gold pieces.
Harold the Weathered comes into view.
He is wielding a +0 dire flail.
Found a stone staircase leading down.
Harold shouts!
Harold throws a throwing net.
The throwing net hits you.
You become entangled in the net!
You see here a throwing net.
You tear a large gash into the net.
The centaur hits you. The centaur completely misses you. The centaur hits you.
The centaur barely misses you.
You struggle against the net.
The centaur barely misses you. The centaur closely misses you.
You rip the net and break free!
The centaur closely misses you. x2
The centaur hits you. The centaur misses you.
Casting: Ensorcelled Hibernation (safe; 4% risk of failure)
Confirm with . or Enter, or press ? or * to list all spells.
Aiming: Ensorcelled Hibernation (safe; 4% risk of failure)
Press: ? - help, Shift-Dir - straight line, f - centaur
Aim: a centaur, quivering arrows (umbra, chance to affect: 49%)
Okay, then.
Press: ? - help, v - describe, . - travel A rock wall.
This square is wreathed by an umbra.
The centaur misses you. x2
Harold throws a throwing net.
The throwing net hits you.
You become entangled in the net!
The centaur wields a +0 shortbow.
The centaur shoots an arrow.
The arrow hits you!
You see here a throwing net.
You struggle against the net.
The centaur shoots an arrow.
The arrow closely misses you.
You struggle against the net.
The centaur shoots an arrow.
The arrow barely misses you. Harold hits you with a +0 dire flail!
The centaur shoots an arrow.
The arrow hits you!
* * * LOW HITPOINT WARNING * * *
You struggle against the net.
The centaur shoots an arrow.
The arrow hits you!
You die...

.# ###.# ######.#.#
....>#.#.# ..
.......# ... ...#.#
##.########.#!#
#............c# #
#..########@#.#
#.###..#........@.#
#.................#
#.<....#.###.#.#
#.....[......#.#
#.#########..#.# #.
...#.# ## ##.##.#
$.. .#


You could see Harold and a centaur.

Vanquished Creatures
  Sigmund (D:3)
  Duvessa (D:6)
  An ice beast (D:5)
  2 ogres
  A necrophage (D:6)
  A phantom (D:4)
  A water moccasin zombie (D:5)
  A gnoll sergeant (D:5)
  4 scorpions
  Dowan (D:6)
  A gnoll shaman (D:5)
  3 hounds
  2 jellies (D:4)
  2 centaur skeletons
  2 orc priests
  A bullfrog skeleton (D:6)
  An iguana (D:4)
  Ijyb (D:3)
  A scorpion zombie (D:5)
  An orc wizard (D:5)
  Terence (D:3)
  2 howler monkey skeletons
  11 gnolls
  2 adders
  A white imp (D:6)
  A worm (D:2)
  7 dart slugs
  8 orcs
  4 bats
  3 endoplasms
  2 giant cockroaches
  13 goblins
  3 hobgoblins
  5 jackals
  2 quokkas
  4 ball pythons
  3 frilled lizards
  2 kobolds
  A quokka skeleton (D:3)
  A quokka zombie (D:3)
  A rat (D:2)
106 creatures vanquished.

Vanquished Creatures (others)
  A withered plant (D:3)
1 creature vanquished.

Grand Total: 107 creatures vanquished

Notes
Turn   | Place    | Note
-------+----------+-------------------------------------------
     0 | D:1      | Karpo the Spriggan Enchanter began the quest for the Orb.
     0 | D:1      | Reached XP level 1. HP: 9/9 MP: 5/5
   321 | D:1      | Found Pesm's Weapon Boutique.
   329 | D:1      | Reached skill level 5 in Stealth
   329 | D:1      | Reached XP level 2. HP: 12/13 MP: 6/6
   549 | D:2      | Learned a level 2 spell: Ensorcelled Hibernation
   698 | D:1      | Found a faded altar of an unknown god.
  1122 | D:2      | Reached XP level 3. HP: 16/16 MP: 5/8
  1843 | D:1      | Learned a level 3 spell: Confusing Touch
  2000 | D:2      | Reached XP level 4. HP: 21/21 MP: 6/9
  2740 | D:3      | Noticed Ijyb
  2743 | D:3      | Killed Ijyb
  2998 | D:3      | Got the Tome of Air
  3456 | D:3      | Noticed Terence
  3616 | D:3      | Reached XP level 5. HP: 24/24 MP: 10/10
  3648 | D:3      | Killed Terence
  3706 | D:3      | Noticed Sigmund
  3750 | D:3      | Killed Sigmund
  3751 | D:3      | Reached skill level 5 in Short Blades
  3751 | D:3      | Reached XP level 6. HP: 28/28 MP: 11/11
  4955 | D:4      | Reached skill level 5 in Hexes
  4955 | D:4      | Reached XP level 7. HP: 31/32 MP: 12/14
  5176 | D:4      | Found a white marble altar of Elyvilon.
  5177 | D:4      | Found an opulent altar of Gozag.
  5240 | D:5      | Entered Level 5 of the Dungeon
  5550 | D:5      | Found a staircase to the Ecumenical Temple.
  5558 | Temple   | Entered the Ecumenical Temple
  5635 | Temple   | Became a worshipper of Dithmenos the Shadowed
  5731 | D:5      | Learned a level 3 spell: Tukima's Dance
  6103 | D:5      | Found a runed translucent door.
  6104 | D:5      | Found a runed translucent door.
  6703 | D:5      | Reached skill level 1 in Fighting
  6703 | D:5      | Reached XP level 8. HP: 35/37 MP: 12/15
  7646 | D:6      | Reached skill level 5 in Dodging
  7955 | D:6      | Found a runed translucent gate.
  7955 | D:6      | Found a runed translucent gate.
  7955 | D:6      | Found a runed translucent gate.
  7959 | D:6      | Noticed viiviliisa's ghost (novice MiFi)
  7968 | D:6      | Noticed a troll
  8213 | D:6      | Noticed Dowan
  8387 | D:6      | Noticed Duvessa
  8391 | D:6      | Killed Dowan
  8391 | D:6      | Reached * piety under Dithmenos
  8403 | D:6      | Killed Duvessa
  8734 | D:8      | Found a broken altar of Ashenzari.
  8911 | D:8      | Noticed Harold
  8921 | D:8      | Shot with an arrow by a centaur

Illustrated notes

Levels and vault maps discovered:
D:1:      dpeg_arrival_shelter, layout_basic, dreamdust_ecumenical_altar_grove,
          serial_shops, nicolae_shop_waterfront
D:2:      layout_loops_ring, minmay_misc_feat_four_crosses
D:3:      layout_loops_ring, serial_undead, serial_undead_c, serial_undead_a,
          serial_undead_f, serial_undead_f, serial_undead_b, uniq_ijyb,
          uniq_terence, uniq_sigmund
D:4:      layout_loops_ring, gammafunk_temple_overflow_pools
D:5:      lemuel_insect_pit, layout_loops_ring, temple_statues
D:6:      layout_gridville, gammafunk_ghost_split, minmay_ogre_servants,
          uniq_duvessa
D:7:      kennysheep_steamy, layout_rooms, zin_angel, serial_bayou_pond_e,
          uniq_maggie
D:8:      layout_basic, nicolae_ashenzari_skybound, uniq_harold
Temple:   lightli_temple_of_artemis

Skill      XL: |  1  2  3  4  5  6  7  8 |
---------------+-------------------------+-----
Stealth        | 5 6 7 8 |  8.0
Short Blades   | 2 3 5 |  5.0
Spellcasting   | 4 |  4.0
Hexes          | 5 8 |  8.0
Dodging        | 3 7 |  7.9
Fighting       | 1 3 |  3.0

Action                   |  1- 3 |  4- 6 |  7- 9 || total
-------------------------+-------+-------+-------++-------
Melee: Dagger            |    95 |   141 |   188 ||   424
 Cast: Ensorcelled Hiber |    19 |    20 |    44 ||    83
       Confusing Touch   |       |       |     2 ||     2
  Use: Scroll            |       |     7 |     4 ||    11
 Stab: Sleeping          |    13 |    15 |    32 ||    60
       Distracted        |       |     1 |     1 ||     2
       Confused          |       |       |     4 ||     4
Armor: Robe              |     9 |    10 |     8 ||    27
Dodge: Dodged            |    68 |    90 |   148 ||   306
